HSSL
BROKEN ARROW HS @ BISHOP VEROT HS
04/21/2026
 
TOP OF THE 1ST
Broken Arrow HS batting - Pitching for Bishop Verot HS : RHP Joe Watson
Pitching: RHP Joe Watson
Batting: LHB José Esparza 0-0: Ball
1-0: Swinging Strike
1-1: Foul Ball, location: 2F
1-2: Ball
2-2: Strikes out swinging
Batting: RHB Craig Porter 0-0: SINGLE (Line Drive, 6)
Batting: RHB George Green 0-0: Fielders Choice at 2nd, U6 (Groundball, 6M)
Batting: RHB David Adams 0-0: Called Strike
0-1: Ball
1-1: Ball
2-1: Foul Ball, location: 2F
2-2: Strikes out swinging
Top of the 1st over - 0 run(s), 1 hit(s), 0 error(s), 1 left on base; Broken Arrow HS 0 - Bishop Verot HS 0
BOTTOM OF THE 1ST
Bishop Verot HS batting - Pitching for Broken Arrow HS : RHP Dave Spensley
Pitching: RHP Dave Spensley
Batting: LHB Jim Hall 0-0: Ball
1-0: Called Strike
1-1: Swinging Strike
1-2: Ground out 4-3 (Groundball, 4)
Batting: RHB Chris Seals 0-0: Ball
1-0: Called Strike
1-1: Fly out, F8 (Flyball, 8LM)
Batting: RHB Brian Bailey 0-0: SINGLE (Flyball, 8LS)
Batting: RHB Bob Fitzgerald Pickoff Throw to First - Out!
Bottom of the 1st over - 0 run(s), 1 hit(s), 0 error(s), 0 left on base; Broken Arrow HS 0 - Bishop Verot HS 0
TOP OF THE 2ND
Broken Arrow HS batting - Pitching for Bishop Verot HS : RHP Joe Watson
Batting: RHB Jon Bush 0-0: Fly out, F9 (Flyball, 9M)
Pitching: LHP Tony Molina
Batting: SHB Philippe Paquin 0-0: Called Strike
0-1: Foul Ball, location: 2F
0-2: Ball
1-2: Ground out 1-3 (Groundball, 13S)
Batting: LHB Dennis Montgomery 0-0: Swinging Strike
0-1: Called Strike
0-2: Ground out 4-3 (Groundball, 4)
Top of the 2nd over - 0 run(s), 0 hit(s), 0 error(s), 0 left on base; Broken Arrow HS 0 - Bishop Verot HS 0
BOTTOM OF THE 2ND
Bishop Verot HS batting - Pitching for Broken Arrow HS : RHP Dave Spensley
Batting: RHB Bob Fitzgerald 0-0: Ball
1-0: Called Strike
1-1: Called Strike
1-2: Ground out 5-3 (Groundball, 5S)
Batting: LHB Pedro Padilla 0-0: Ball
1-0: Called Strike
1-1: Hit by Pitch
Batting: RHB Carlos Sánchez 0-0: Called Strike
0-1: Ball
1-1: Foul Ball, location: 2F
1-2: Ball
2-2: SINGLE (Line Drive, 6D)
Pedro Padilla to second
Batting: RHB Stuart Mitchell 0-0: Ball
1-0: SINGLE (Line Drive, 9LS)
Pedro Padilla to third
Carlos Sánchez to second
Batting: RHB George Lutz 0-0: SINGLE (Flyball, 8RS)
Pedro Padilla scores
Carlos Sánchez to third
Stuart Mitchell to second
Throwing error, E8
Carlos Sánchez scores
Stuart Mitchell to third
George Lutz to second
Batting: RHB Carson Allen 0-0: Ball
1-0: Called Strike
1-1: Ball
2-1: Ground out 6-3 (Groundball, 6)
Stuart Mitchell scores
Batting: LHB Jim Hall 0-0: Ball
1-0: Ground out 6-3 (Groundball, 6)
Bottom of the 2nd over - 3 run(s), 3 hit(s), 1 error(s), 1 left on base; Broken Arrow HS 0 - Bishop Verot HS 3
TOP OF THE 3RD
Broken Arrow HS batting - Pitching for Bishop Verot HS : LHP Tony Molina
Batting: RHB Ronnie Starr 0-0: Ball
1-0: Ball
2-0: Ball
3-0: Called Strike
3-1: Called Strike
3-2: SINGLE (Line Drive, 34)
Batting: RHB Chris Lancaster 0-0: Ball
1-0: Called Strike
1-1: Ball
2-1: Grounds into double play, U6-3 (Groundball, 6M)
Batting: LHB José Esparza 0-0: Called Strike
0-1: Ball
1-1: Ground out 1-3 (Groundball, 23)
Top of the 3rd over - 0 run(s), 1 hit(s), 0 error(s), 0 left on base; Broken Arrow HS 0 - Bishop Verot HS 3
BOTTOM OF THE 3RD
Bishop Verot HS batting - Pitching for Broken Arrow HS : RHP Dave Spensley
Batting: RHB Chris Seals 0-0: Ball
1-0: Called Strike
1-1: Called Strike
1-2: SINGLE (Groundball, 56D) (infield hit)
Batting: RHB Brian Bailey 0-0: Ball
1-0: Swinging Strike
1-1: Foul Ball, location: 2F
1-2: Fly out, F3 (Popup, 3SF)
Batting: RHB Bob Fitzgerald 0-0: Ball
1-0: Ball
2-0: Ball
3-0: Called Strike
3-1: Foul Ball, location: 2F
3-2: Base on Balls
Chris Seals to second
Batting: LHB Pedro Padilla 0-0: Ball
Chris Seals is caught stealing 3rd base
Bob Fitzgerald to second
1-0: Foul Ball, location: 2F
1-1: Ball
2-1: Ball
3-1: Base on Balls
Batting: RHB Carlos Sánchez 0-0: Foul Ball, location: 2F
0-1: Called Strike
0-2: Ball
1-2: Ball
2-2: Ball
3-2: Strikes out looking
Bottom of the 3rd over - 0 run(s), 1 hit(s), 0 error(s), 2 left on base; Broken Arrow HS 0 - Bishop Verot HS 3
TOP OF THE 4TH
Broken Arrow HS batting - Pitching for Bishop Verot HS : LHP Tony Molina
Batting: RHB Craig Porter 0-0: Ball
1-0: Foul Ball, location: 2F
1-1: Swinging Strike
1-2: Foul Ball, location: 2F
1-2: Ball
2-2: Ball
3-2: Fly out, F8 (Flyball, 8RM)
Batting: RHB George Green 0-0: DOUBLE (Flyball, 9LD)
Batting: RHB David Adams 0-0: Ball
1-0: 2-RUN HOME RUN (Flyball, 7LD), Distance : 346 ft
Batting: RHB Jon Bush 0-0: Ball
1-0: Fly out, F6 (Popup, 6MD)
Pitching: RHP Jacob Wallace
Batting: SHB Philippe Paquin 0-0: Swinging Strike
0-1: Ball
1-1: Ball
2-1: SINGLE (Line Drive, 6MD)
Batting: LHB Dennis Montgomery 0-0: Ball
1-0: Foul Ball, location: 2F
1-1: Ball
2-1: Foul Ball, location: 2F
2-2: Fly out, F9 (Flyball, 89M)
Top of the 4th over - 2 run(s), 3 hit(s), 0 error(s), 1 left on base; Broken Arrow HS 2 - Bishop Verot HS 3
BOTTOM OF THE 4TH
Bishop Verot HS batting - Pitching for Broken Arrow HS : RHP Dave Spensley
Batting: RHB Stuart Mitchell 0-0: Fly out, F9 (Flyball, 9M)
Batting: RHB George Lutz 0-0: Fly out, F5 (Popup, 25F)
Batting: RHB Carson Allen 0-0: Ball
1-0: Called Strike
1-1: Foul Ball, location: 2F
1-2: Ball
2-2: Ground out 6-3 (Groundball, 6S)
Bottom of the 4th over - 0 run(s), 0 hit(s), 0 error(s), 0 left on base; Broken Arrow HS 2 - Bishop Verot HS 3
TOP OF THE 5TH
Broken Arrow HS batting - Pitching for Bishop Verot HS : RHP Jacob Wallace
Batting: RHB Ronnie Starr 0-0: DOUBLE (Line Drive, 5D)
Batting: RHB Chris Lancaster 0-0: Ball
1-0: Called Strike
1-1: Foul Ball, location: 2F
1-2: Ball
2-2: Strikes out swinging
Batting: LHB José Esparza 0-0: Ball
1-0: Called Strike
Ronnie Starr steals 3rd base
1-1: Foul Ball, location: 2F
1-2: Strikes out swinging
Batting: RHB Craig Porter 0-0: Ball
1-0: Ball
2-0: Ball
3-0: Called Strike
3-1: Ground out 5-3 (Groundball, 56)
Top of the 5th over - 0 run(s), 1 hit(s), 0 error(s), 1 left on base; Broken Arrow HS 2 - Bishop Verot HS 3
BOTTOM OF THE 5TH
Bishop Verot HS batting - Pitching for Broken Arrow HS : RHP Dave Spensley
Batting: LHB Jim Hall 0-0: Ball
1-0: Ball
2-0: Called Strike
2-1: Foul Ball, location: 2F
2-2: Ball
3-2: Base on Balls
Batting: RHB Chris Seals 0-0: Ball
1-0: Ball
2-0: Called Strike
2-1: Foul Ball, location: 2F
2-2: Ball
Jim Hall steals 2nd base
3-2: Hit by Pitch
Batting: RHB Brian Bailey 0-0: Ball
1-0: Ball
2-0: Called Strike
2-1: Swinging Strike
2-2: Ball
3-2: Strikes out looking
Chris Seals steals 2nd base
Batter strikes out.
Jim Hall to third
Batting: RHB Bob Fitzgerald 0-0: Ball
1-0: Fly out, F7 (Flyball, 7M)
Runner from 3rd tags up, SCORES, no throw
Pitching: RHP Jean-Pierre Matte
Batting: LHB Pedro Padilla 0-0: Called Strike
0-1: Called Strike
0-2: Ball
1-2: Ground out 4-3 (Groundball, 4)
Bottom of the 5th over - 1 run(s), 0 hit(s), 0 error(s), 1 left on base; Broken Arrow HS 2 - Bishop Verot HS 4
TOP OF THE 6TH
Broken Arrow HS batting - Pitching for Bishop Verot HS : RHP Jacob Wallace
Batting: RHB George Green 0-0: Ball
1-0: Ball
2-0: Ball
3-0: Called Strike
3-1: Base on Balls
Batting: RHB David Adams 0-0: Ball
1-0: Ball
2-0: Ball
3-0: Called Strike
3-1: Called Strike
3-2: Ground out 1-3 (Groundball, 13)
George Green to second
Batting: RHB Jon Bush 0-0: Ground out 4-3 (Groundball, 34)
George Green to third
Batting: SHB Philippe Paquin 0-0: Called Strike
0-1: Ball
1-1: Swinging Strike
1-2: Strikes out looking
Top of the 6th over - 0 run(s), 0 hit(s), 0 error(s), 1 left on base; Broken Arrow HS 2 - Bishop Verot HS 4
BOTTOM OF THE 6TH
Bishop Verot HS batting - Pitching for Broken Arrow HS : RHP Jean-Pierre Matte
Batting: RHB Carlos Sánchez 0-0: Ball
1-0: Ball
2-0: Ball
3-0: Base on Balls
Batting: RHB Stuart Mitchell 0-0: Grounds into double play, 4-6-3 (Groundball, 4)
Batting: RHB George Lutz 0-0: Foul Ball, location: 2F
0-1: Swinging Strike
0-2: Ball
1-2: Ball
2-2: Foul Ball, location: 2F
2-2: Foul Ball, location: 2F
2-2: Ground out 5-3 (Groundball, 56)
Bottom of the 6th over - 0 run(s), 0 hit(s), 0 error(s), 0 left on base; Broken Arrow HS 2 - Bishop Verot HS 4
TOP OF THE 7TH
Broken Arrow HS batting - Pitching for Bishop Verot HS : RHP Jacob Wallace
Batting: LHB Dennis Montgomery 0-0: Fly out, F6 (Popup, 7LSF)
Batting: RHB Ronnie Starr 0-0: Fly out, F8 (Flyball, 89M)
Batting: RHB Chris Lancaster 0-0: SINGLE (Line Drive, 56)
Batting: LHB José Esparza 0-0: Ball
1-0: Ball
2-0: Called Strike
2-1: Fly out, F8 (Flyball, 8LM)
Top of the 7th over - 0 run(s), 1 hit(s), 0 error(s), 1 left on base; Broken Arrow HS 2 - Bishop Verot HS 4
BOTTOM OF THE 7TH
Bishop Verot HS batting - Pitching for Broken Arrow HS : RHP Jean-Pierre Matte
Batting: RHB Carson Allen 0-0: Foul Ball, location: 2F
0-1: Called Strike
0-2: Ball
1-2: Ball
2-2: SINGLE (Groundball, 56D)
Batting: LHB Jim Hall 0-0: Sac Bunt - play at second, runner OUT! 1-6
Batting: RHB Chris Seals 0-0: Ball
1-0: Ball
2-0: Fly out, F8 (Flyball, 8LM)
Batting: RHB Brian Bailey 0-0: Called Strike
0-1: Ball
1-1: Fielders Choice at 2nd, U6 (Groundball, 6M)
Bottom of the 7th over - 0 run(s), 1 hit(s), 0 error(s), 1 left on base; Broken Arrow HS 2 - Bishop Verot HS 4
TOP OF THE 8TH
Broken Arrow HS batting - Pitching for Bishop Verot HS : RHP Jacob Wallace
Batting: RHB Craig Porter 0-0: Swinging Strike
0-1: Foul Ball, location: 2F
0-2: Ball
1-2: Ball
2-2: Foul Ball, location: 2F
2-2: Foul Ball, location: 2F
2-2: Ball
3-2: Ground out 4-3 (Groundball, 4M)
Pitching: LHP Tommy Henderson
Batting: RHB George Green 0-0: Ball
1-0: Fly out, F9 (Flyball, 9M)
Batting: RHB David Adams 0-0: Ball
1-0: Ball
2-0: Foul Ball, location: 2F
2-1: Fly out, F8 (Flyball, 8LM)
Top of the 8th over - 0 run(s), 0 hit(s), 0 error(s), 0 left on base; Broken Arrow HS 2 - Bishop Verot HS 4
BOTTOM OF THE 8TH
Bishop Verot HS batting - Pitching for Broken Arrow HS : RHP Jean-Pierre Matte
Pitching: RHP Miguel Casillas
Batting: RHB Bob Fitzgerald 0-0: Ball
1-0: Ball
2-0: Swinging Strike
2-1: Called Strike
2-2: Ball
3-2: Foul Ball, location: 2F
3-2: Strikes out swinging
Batting: LHB Pedro Padilla 0-0: Ball
1-0: Called Strike
1-1: Ball
2-1: Foul Ball, location: 2F
2-2: Ball
3-2: Base on Balls
Batting: RHB Carlos Sánchez 0-0: Ball
1-0: SINGLE (Groundball, 34)
Pedro Padilla to second
Runner from 2nd tries for 3rd, SAFE, throw made to third
Batting: RHB Stuart Mitchell 0-0: Called Strike
Carlos Sánchez steals 2nd base
0-1: Foul Ball, location: 2F
0-2: Foul Ball, location: 2F
0-2: Ball
1-2: Strikes out swinging
Batting: RHB George Lutz 0-0: Ball
1-0: Foul Ball, location: 2F
1-1: Called Strike
1-2: Fly out, F9 (Flyball, 9LM)
Bottom of the 8th over - 0 run(s), 1 hit(s), 0 error(s), 2 left on base; Broken Arrow HS 2 - Bishop Verot HS 4
TOP OF THE 9TH
Broken Arrow HS batting - Pitching for Bishop Verot HS : LHP Tommy Henderson
Batting: RHB Jon Bush 0-0: Ball
1-0: SINGLE (Popup, 3L)
Batting: SHB Philippe Paquin 0-0: Ball
1-0: Ball
2-0: Called Strike
2-1: Ball
3-1: Fly out, F4 (Popup, 3D)
Pinch Hitting: SHB Pedro Sousa 0-0: Ball
1-0: Fly out, F4 (Popup, 34D)
Batting: RHB Ronnie Starr 0-0: Ball
1-0: Fielders Choice at 2nd, U6 (Groundball, 6M)
Top of the 9th over - 0 run(s), 1 hit(s), 0 error(s), 1 left on base; Broken Arrow HS 2 - Bishop Verot HS 4
Monday, December 5th, 2016 - OOTP Baseball 17.12 Build 75